 Dungeon Crawl Stone Soup version 0.29.1-1-gd02db6906a (webtiles) character file.

Game seed: 5972928572089029278

22 Animoz the Insei (level 2, 0/16 HPs)
             Began as a Tengu Transmuter on Sept 19, 2022.
             Slain by a quokka (4 damage)
             ... on level 1 of the Dungeon.
             The game lasted 00:05:57 (1103 turns).

Animoz the Insei (Tengu Transmuter)                 Turns: 1103, Time: 00:05:57

Health: 0/16       AC:  2    Str: 10    XL:     2   Next: 91%
Magic:  5/6        EV: 12    Int: 13    God:
Gold:   39         SH:  0    Dex: 14    Spells: 4/5 levels left

rFire   . . .      SeeInvis .   d - +0 club
rCold   . . .      Faith    .   (no shield)
rNeg    . . .      Spirit   .   a - +0 robe
rPois   .          Reflect  .   (helmet currently unavailable)
rElec   .          Harm     .   (no cloak)
rCorr   .          Rampage  .   (no gloves)
Will    .....                   (boots unavailable)
Stlth   +.........              (no amulet)
HPRegen 0.05/turn               (no ring)
MPRegen 0.10/turn               (no ring)

@: appendages (expiring)
A: horns 2, beak, talons 3
a: End Transformation


You were on level 1 of the Dungeon.
You had temporarily grown beastly horns.
You visited 1 branch of the dungeon, and saw 1 of its levels.

You collected 39 gold pieces.

Inventory:

Hand Weapons
 d - a +0 club (weapon)
 k - a +0 spear
 l - a +0 hand axe
Missiles
 e - 10 stones
Armour
 a - a +0 robe (worn)
Scrolls
 c - a scroll of immolation {unknown}
 g - a scroll of blinking {unknown}
 h - a scroll of enchant armour {unknown}
Potions
 b - a potion of lignification
 f - a potion of berserk rage {unknown}
 i - a potion of might {unknown}
 j - a potion of heal wounds {unknown}


   Skills:
 + Level 1.0 Fighting
 + Level 0.1 Maces & Flails
 + Level 2.4 Dodging
 + Level 0.3 Stealth
 + Level 3.8 Unarmed Combat
 + Level 2.2 Spellcasting
 + Level 1.7 Transmutations


You had 4 spell levels left.
You knew the following spells:

 Your Spells              Type           Power      Damage    Failure   Level
a - Beastly Appendage     Tmut           10%        N/A       12%         1

Your spell library contained the following spells:

 Spells                   Type           Power      Damage    Failure   Level
 Wereblood                Tmut           5%         N/A       19%         2
 Spider Form              Tmut/Pois      3%         N/A       45%         3
 Ice Form                 Ice/Tmut       3%         N/A       86%         4


Dungeon Overview and Level Annotations

Branches:
Dungeon (1/15)

Altars:

Shops:
D:1 =


Innate Abilities, Weirdness & Mutations

You have temporarily grown beastly horns.
You have a beak for a mouth.
You have claws for feet.


Message History

k - a +0 spear The bat closely misses you.
You closely miss the bat. The bat closely misses you. The bat hits you.
You hit the bat. You peck the bat.
You kill the bat!
You see here a +0 hand axe.
l - a +0 hand axe An endoplasm comes into view.
A quokka comes into view.
You hit the quokka but do no damage. Your kick misses the quokka.
You peck the quokka, but do no damage.
The endoplasm quivers.
The quokka bites you. The quokka barely misses you.
Casting: Beastly Appendage (safe; 12% risk of failure)
Press: ? - help, Q - select action, (/) - cycle Dir - look around, f - activate You grow a pair of large bovine horns.
The endoplasm hits you but does no damage.
The quokka bites you.
You hit the endoplasm.
You claw the endoplasm, but do no damage.
You headbutt the endoplasm.
The endoplasm is almost dead.
The endoplasm hits you. The quokka bites you.
* * * LOW HITPOINT WARNING * * *
You hit the endoplasm.
You kill the endoplasm!
The quokka bites you but does no damage.
The quokka barely misses you.
You hit the quokka. Your kick misses the quokka.
The quokka is moderately wounded.
Your transformation is almost over.
The quokka completely misses you.
You completely miss the quokka. You claw the quokka. You headbutt the quokka.
Your peck misses the quokka.
The quokka is severely wounded.
The quokka barely misses you. x2
You barely miss the quokka.
The quokka is severely wounded.
The quokka bites you.
You die...

.....#
#.#.#.#
.....#
#.#.#.######
.....#
#.#.#.......#
.....#
#.#.#...#.#.#
.....#
#.#.........#
.....#
#.##.#.#.#..#
.....#
#.#.........#
.....#
#.#..#r#.#..#
######
#.##.@......#
#....#.#.#..#
####.......##
#########


You could see a quokka.

Vanquished Creatures
  2 ball pythons (D:1)
  3 bats (D:1)
  4 endoplasms (D:1)
  2 giant cockroaches (D:1)
  A goblin (D:1)
  A hobgoblin (D:1)
  2 kobolds (D:1)
  A quokka (D:1)
  2 frilled lizards (D:1)
18 creatures vanquished.

Notes
Turn   | Place    | Note
-------+----------+-------------------------------------------
     0 | D:1      | Animoz the Tengu Transmuter began the quest for the Orb.
     0 | D:1      | Reached XP level 1. HP: 12/12 MP: 4/4
    97 | D:1      | Found Conic's Jewellery Emporium.
   112 | D:1      | Found a faded altar of an unknown god.
   223 | D:1      | Reached XP level 2. HP: 9/16 MP: 4/6
  1103 | D:1      | Slain by a quokka

Illustrated notes

Levels and vault maps discovered:
D:1:      lemuel_arrival_room, layout_basic, serial_glass, glass_columns_a,
          glass_columns_b, glass_columns_b, glass_columns_a, glass_columns_a,
          glass_columns_b, feat_on_display, minmay_strange_pillars,
          item_on_display_a, shapermc_ecumenical_altar_totnotflames,
          serial_shops, nicolae_shop_trees

Action                   || total
-------------------------++-------
Melee: Club              ||    46
       Unarmed           ||     6
       Kick              ||     9
       Headbutt          ||     5
       Punch             ||     1
       Peck              ||     3
 Cast: Beastly Appendage ||     4
 Stab: Sleeping          ||     2
Armor: Robe              ||    14
Dodge: Dodged            ||    44
